 Dungeon Crawl Stone Soup version 0.31.0-11-ge490571c62 (webtiles) character file.

Game seed: 13992796838630124422

75802 SmokeWeed the Bludgeoner (level 15, 0/135 HPs)
             Began as a Hill Orc Fighter on Jan 30, 2024.
             Was the Champion of Beogh.
             Slain by a culicivora (13 damage)
             ... on level 2 of the Spider Nest.
             The game lasted 01:29:00 (23458 turns).

SmokeWeed the Bludgeoner (Hill Orc Fighter)        Turns: 23458, Time: 01:29:01

Health: 0/135      AC: 25    Str: 21      XL:     15   Next: 51%
Magic:  7/20       EV: 14    Int:  6 (8)  God:    Beogh [******]
Gold:   2072       SH: 20    Dex: 22      Spells: 14/14 levels left

rFire   . . .        w - +7 eveningstar (elec)
rCold   . . .        l - +0 tower shield
rNeg    . . .        y - +0 plate armour
rPois   +            P - +2 hat {SInv}
rElec   +            a - +1 cloak {rPois}
rCorr   .            x - +2 pair of gloves
SInv    +            C - +0 pair of boots {Stlth+}
Will    +....        j - amulet of the acrobat Stlth
                     R - +6 ring of dexterity
HPRegen 0.42/turn    u - +5 ring of evasion
MPRegen 0.17/turn

%: acrobat, clarity
@: on fire, glowing, studying Staves
A: walk on water, claws 1, horns 1, clarity, electricity resistance
a: Renounce Religion, Smiting, Recall Orcish Followers, Give Item to Named
Follower, Resurrection


You were on level 2 of the Spider Nest.
You worshipped Beogh.
Beogh was exalted by your worship.
You visited 5 branches of the dungeon, and saw 23 of its levels.

You collected 2244 gold pieces.
You spent 172 gold pieces at shops.

Inventory:

Hand Weapons
 q - a +2 great mace of electrocution
 v - a +2 short sword of distortion
 w - a +7 eveningstar of electrocution (weapon)
 I - a +4 halberd
 K - a +2 heavy dire flail
 V - a +5 long sword
Missiles
 e - 2 atropa-tipped darts
 B - 3 curare-tipped darts
 G - 12 boomerangs (quivered)
Armour
 a - a +1 cloak of poison resistance (worn)
 b - a +2 cloak
 l - a +0 tower shield (worn)
 x - a +2 pair of gloves (worn)
 y - a +0 plate armour (worn)
 C - a +0 pair of boots of stealth (worn)
 P - a +2 hat of see invisible (worn)
 U - a +2 robe of willpower
Jewellery
 c - a ring of see invisible
 g - a ring of wizardry
 j - an amulet of the acrobat (around neck)
 k - a ring of willpower
 n - an amulet of magic regeneration
 s - a ring of poison resistance
 u - a +5 ring of evasion (right hand)
 D - a +6 ring of strength
 J - the ring "Etzorha" {Fire +Blink rN+ Dex-5 SInv}
   (You found it on level 2 of the Lair of Beasts)

   [ring of fire]

   Fire:      It enhances your fire magic.
   Dex-5:     It affects your dexterity (-5).
   rF+:       It protects you from fire.
   rC-:       It makes you vulnerable to cold.
   rN+:       It protects you from negative energy.
   SInv:      It lets you see invisible.
   +Blink:    It lets you blink.
 R - a +6 ring of dexterity (left hand)
Wands
 h - a wand of paralysis (20)
 o - a wand of acid (14)
 z - a wand of digging (17)
 A - a wand of polymorph (10)
 E - a wand of iceblast (10)
 L - a wand of mindburst (3)
 Q - a wand of flame (4)
Scrolls
 d - 4 scrolls of identify
 m - 8 scrolls of teleportation
 H - a scroll of immolation
 N - a scroll of fear
 O - a scroll of poison
 W - a scroll of brand weapon
 Y - 2 scrolls of silence
Potions
 f - 9 potions of curing
 p - 3 potions of enlightenment
 r - a potion of magic
 t - a potion of resistance
 M - a potion of might
 T - 4 potions of brilliance
 X - a potion of berserk rage
Miscellaneous
 F - a box of beasts
 S - a phantom mirror


   Skills:
 + Level 13.1 Fighting
 + Level 4.0 Long Blades
 + Level 15.6 Maces & Flails
 + Level 5.8 Throwing
 + Level 12.2 Armour
 + Level 6.1 Dodging
 + Level 1.2 Stealth
 + Level 13.3 Shields
 + Level 7.0 Invocations
 + Level 6.6 Evocations


You had 14 spell levels left.
You didn't know any spells.
Your spell library contained the following spells:

 Spells                   Type           Power      Damage    Failure   Level
 Necrotise                Necr           0%         1d4       100%        1
 Slow                     Hex            0%         N/A       100%        1
 Cigotuvi's Dreadful Rot  Necr/Alch/Air  0%         N/A       100%        2
 Lesser Beckoning         Tloc           0%         N/A       100%        2
 Mercury Vapours          Alch/Air       0%         N/A       100%        2
 Confusing Touch          Hex            0%         N/A       100%        3
 Dazzling Flash           Conj/Hex       0%         N/A       100%        3
 Gell's Gravitas          Tloc           0%         N/A       100%        3
 Mephitic Cloud           Conj/Alch/Air  0%         N/A       100%        3
 Sigil of Binding         Hex            0%         N/A       100%        3
 Teleport Other           Tloc           0%         N/A       100%        3
 Tukima's Dance           Hex            0%         N/A       100%        3
 Vampiric Draining        Necr           0%         2d6       100%        3
 Volatile Blastmotes      Fire/Tloc      0%         2d10      100%        3
 Dispel Undead            Necr           0%         3d6       100%        4
 Martyr's Knell           Necr/Summ      0%         N/A       100%        4
 Passage of Golubria      Tloc           0%         N/A       100%        4
 Curse of Agony           Necr           0%         N/A       100%        5
 Freezing Cloud           Conj/Ice/Air   0%         6-21      100%        5
 Yara's Violent Unravell  Hex/Alch       0%         3d3       100%        5
 Death Channel            Necr           0%         N/A       100%        6
 Starburst                Conj/Fire      0%         6d3       100%        6
 Haunt                    Necr/Summ      0%         N/A       100%        7
 Borgnjor's Revivificati  Necr           0%         N/A       100%        8
 Maxwell's Capacitive Co  Air            0%         ∞         100%        8
 Death's Door             Necr           0%         N/A       100%        9


Dungeon Overview and Level Annotations

Branches:
Dungeon (14/15)            Temple (0/1) D:6            Lair (5/5) D:11
 Shoals (1/4) Lair:2       Spider (2/4) Lair:3        Slime (0/5) Lair:4
    Orc (2/2) D:11            Elf (0/3) Orc:2        Vaults (0/5) D:13

Altars:
Cheibriados
Makhleb
Nemelex Xobeh
Qazlal
Trog
Uskayaw
Xom
Yredelemnul

Shops:
D:4 (   D:6 [   D:7 *=   Orc:2 [::=*

Portals:
Hell: Lair:5

Annotations:
D:8 Jeremiah
D:9 3 runed translucent doors, howech's ghost, journeyman MiBe
D:10 3 runed translucent doors, Skeral's ghost, novice DgSh


Innate Abilities, Weirdness & Mutations

You can walk on water.
You have sharp fingernails.
You have a pair of small horns on your head.
You possess an exceptional clarity of mind.
You are resistant to electric shocks. (rElec)


Message History

You puncture the sun moth!
The sun moth is moderately wounded.
The liquid fire burns you!
* * * LOW HITPOINT WARNING * * *
Your surroundings suddenly seem different.
A wolf spider, a culicivora and a redback come into view.
Found 15 gold pieces.
The wolf spider's many legs skitter.
The culicivora's many legs skitter faintly.
A redback comes into view. x2
The redback moves out of view.
You feel much better. The liquid fire burns you! Beogh accepts your kill.
Beogh blesses a follower with healing.
You feel a bit more experienced.
You are too injured to fight recklessly!
Unknown command.
You hit the wolf spider.
Lightning courses through the wolf spider!!
You headbutt the wolf spider.
The wolf spider is heavily wounded.
The liquid fire burns you! You block the wolf spider's attack. x2
You bludgeon the wolf spider!!
Lightning courses through the wolf spider!!
You kill the wolf spider!
Beogh accepts your kill. The liquid fire burns you!
* * * LOW HITPOINT WARNING * * *
The redback closely misses you.
You barely miss the culicivora. Your headbutt misses the culicivora.
The liquid fire burns you!
* * * LOW HITPOINT WARNING * * *
You block the culicivora's attack.
You sock the culicivora! Your headbutt misses the culicivora.
The culicivora is moderately wounded.
The liquid fire burns you!
* * * LOW HITPOINT WARNING * * *
You block the redback's attack. The culicivora bites you!
You die...

### #@#
.....sss~#
.....#s###
.#^. ..
... #.. ..
..# . ...
#...


You could see a culicivora and 3 redbacks.

Vanquished Creatures
  The ghost of mitya21 the Severer, a journeyman MiFi of Okawaru (Lair:2)
  3 ghost moths
  A broodmother (Spider:1)
  Nessos (Lair:4)
  A dire elephant (Lair:5)
  2 boulder beetles
  A centaur warrior (D:13)
  2 dancing weapons (D:13)
  A jorogumo (Spider:1)
  A death knight (D:13)
  4 two-headed ogres
  4 death yaks (Lair:5)
  An orc high priest (Orc:2)
  2 demonic crawlers (Spider:1)
  Sonja (Lair:4)
  2 skysharks
  A sixfirhy (Lair:5)
  2 skeletal warriors (D:13)
  A sea snake (D:13)
  A steelbarb worm (Spider:1)
  An ugly thing (D:12)
  A wolf spider (Spider:2)
  3 orc sorcerers (Orc:2)
  2 manticores
  A moth of wrath (Spider:1)
  3 cyclopes
  Maurice (D:9)
  An elephant (Lair:4)
  A black mamba (Lair:5)
  A smoke demon (Lair:5)
  3 torpor snails
  2 gargoyles
  8 cane toads
  A kobold demonologist (D:11)
  8 rime drakes
  An ice devil (Lair:5)
  2 unseen horrors
  An unseen horror zombie (D:9)
  13 komodo dragons
  A hornet (D:10)
  A merfolk (Shoals:1)
  3 trolls
  A wind drake (D:13)
  5 tarantellas (Spider:1)
  10 blink frogs
  2 slime creatures (Lair:4)
  5 jumping spiders
  7 culicivoras
  A wyvern (Lair:5)
  2 wraiths (D:13)
  42 yaks
  A fire bat (D:6)
  3 basilisks
  12 redbacks
  8 vampire mosquitoes
  A death yak simulacrum (Lair:2)
  An acid dragon (D:9)
  2 hell hounds (Lair:5)
  7 water moccasins
  A sky beast (D:7)
  6 orc warriors
  A black bear (D:7)
  21 wolves
  A black mamba simulacrum (Lair:2)
  6 ogres
  2 centaurs
  4 kobold brigands
  3 scorpions
  7 bullfrogs
  A gnoll sergeant (D:9)
  A cane toad simulacrum (Lair:2)
  9 wights
  10 killer bees (D:8)
  2 electric eels
  4 howler monkeys
  A bombardier beetle (D:4)
  2 gnoll boudas (D:4)
  2 water moccasin simulacra (Lair:2)
  5 hounds
  3 jellies
  5 orc priests
  8 iguanas
  Jessica (D:3)
  20 orc wizards
  Natasha (twice) (D:3)
  A polar bear simulacrum (Lair:2)
  A howler monkey zombie (D:9)
  25 gnolls
  4 adders
  4 ufetubi
  A dart slug (D:1)
  A ribbon worm (D:2)
  55 orcs
  5 ball pythons
  7 bats (D:1)
  7 endoplasms
  3 giant cockroaches
  3 goblins
  9 hobgoblins
  10 jackals (D:4)
  3 quokkas
  12 frilled lizards
  17 kobolds
  6 rats
504 creatures vanquished.

Vanquished Creatures (collateral kills)
  Snorg (Lair:3)
  Fannar (Lair:3)
  A merfolk avatar (Shoals:1)
  A radroach (Spider:1)
  5 death yaks (Lair:5)
  An occultist (Lair:5)
  2 skysharks
  An orb spider (Spider:1)
  3 wolf spiders
  5 elephants (Lair:4)
  A black mamba (Lair:4)
  A molten gargoyle (D:13)
  A torpor snail (Spider:1)
  2 orange demons (Lair:5)
  11 cane toads
  6 komodo dragons
  2 ice devils (Lair:5)
  3 rime drakes
  A merfolk (Shoals:1)
  A red devil (Lair:5)
  16 blink frogs
  5 tarantellas
  A slime creature (Lair:4)
  A snapping turtle (Lair:2)
  2 culicivoras
  7 jumping spiders
  A shadow (D:13)
  19 yaks
  2 water elementals
  A wyvern (Lair:2)
  A basilisk (Lair:3)
  11 redbacks
  A hell hound (Lair:5)
  6 water moccasins
  An orc warrior (Orc:2)
  An ogre (Orc:2)
  13 wolves
  4 bullfrogs
  4 electric eels
  A hound (D:11)
  A lava snake (D:13)
  4 orc priests (Orc:2)
  An iguana (Lair:2)
  6 orc wizards (Orc:2)
  A basilisk simulacrum (Lair:2)
  3 orcs (Orc:2)
  A kobold (D:11)
  5 frilled lizards (Lair:2)
170 creatures vanquished.

Vanquished Creatures (others)
  An orc warlord (Spider:1)
  An orc high priest (Orc:2)
  2 orc knights
  An orc sorcerer (Orc:2)
  6 orc warriors
  A slime creature (D:13)
  13 orc wizards
  7 orc priests
  An iguana (Lair:2)
  18 orcs
51 creatures vanquished.

Grand Total: 725 creatures vanquished

Notes
Turn   | Place    | Note
-------+----------+-------------------------------------------
     0 | D:1      | SmokeWeed the Hill Orc Fighter began the quest for the Orb.
     0 | D:1      | Reached XP level 1. HP: 19/19 MP: 1/1
   137 | D:1      | Reached XP level 2. HP: 27/27 MP: 2/2
   377 | D:1      | Found a faded altar of an unknown god.
   581 | D:1      | Reached XP level 3. HP: 32/33 MP: 3/3
  2088 | D:3      | Noticed Natasha
  2097 | D:3      | Reached XP level 4. HP: 32/40 MP: 4/4
  2104 | D:3      | Reached skill level 1 in Dodging
  2106 | D:3      | Killed Natasha
  2107 | D:3      | Reached XP level 5. HP: 19/46 MP: 5/5
  2272 | D:3      | Noticed Natasha
  2285 | D:3      | Killed Natasha
  2542 | D:3      | Noticed Jessica
  2552 | D:3      | Killed Jessica
  3107 | D:4      | Noticed an ogre
  3116 | D:4      | Killed an ogre
  3117 | D:4      | Reached skill level 2 in Maces & Flails
  3117 | D:4      | Reached XP level 6. HP: 53/53 MP: 6/6
  3136 | D:4      | Found Ogiblanu's Weapon Shoppe.
  3165 | D:3      | Reached skill level 3 in Maces & Flails
  3712 | D:4      | Reached skill level 4 in Maces & Flails
  3762 | D:4      | Reached XP level 7. HP: 38/60 MP: 7/7
  3866 | D:4      | Reached skill level 5 in Fighting
  4047 | D:4      | Reached skill level 5 in Maces & Flails
  4299 | D:4      | Reached skill level 6 in Maces & Flails
  4318 | D:4      | Reached XP level 8. HP: 62/69 MP: 8/8
  4385 | D:4      | Reached skill level 5 in Armour
  4578 | D:4      | Became a worshipper of Beogh the Brigand
  4774 | D:4      | You fall into a shaft and drop 2 floors!
  4774 | D:6      | Found a staircase to the Ecumenical Temple.
  4928 | D:6      | Found Piehof's Antique Armour Shoppe.
  4937 | D:6      | Bought a runed cloak for 172 gold pieces
  5139 | D:6      | Reached skill level 7 in Maces & Flails
  5598 | D:6      | Found a shimmering altar of Xom.
  6143 | D:7      | Reached skill level 8 in Maces & Flails
  6294 | D:7      | Reached XP level 9. HP: 67/78 MP: 9/9
  6491 | D:7      | Reached skill level 1 in Invocations
  6544 | D:7      | Found Ebratoxt's Jewellery Shoppe.
  6642 | D:7      | Reached skill level 1 in Evocations
  6696 | D:7      | Found Amoorhai's Fire Supplies.
  7017 | D:8      | Found a sparkling altar of Nemelex Xobeh.
  7043 | D:8      | Reached skill level 9 in Maces & Flails
  7339 | D:8      | Reached * piety under Beogh
  7440 | D:8      | Reached XP level 10. HP: 36/82 MP: 12/12
  7762 | D:8      | Identified the +4 dagger of Fundamental Breach {flame, rN+
                  | Will+ Str+3}
  7901 | D:8      | Gained mutation: Armour fits poorly on your strangely
                  | shaped body. [potion of mutation]
  7902 | D:8      | Lost mutation: Armour fits poorly on your strangely shaped
                  | body. [potion of mutation]
  7902 | D:8      | Gained mutation: Armour fits poorly on your strangely
                  | shaped body. [potion of mutation]
  7902 | D:8      | Gained mutation: You are partially covered in iridescent
                  | scales. (AC +2) [potion of mutation]
  7902 | D:8      | Gained mutation: Your muscles are strong. (Str +4, Int/Dex
                  | -1) [potion of mutation]
  7903 | D:8      | Lost mutation: Armour fits poorly on your strangely shaped
                  | body. [potion of mutation]
  7903 | D:8      | Lost mutation: Your muscles are strong. (Str +4, Int/Dex
                  | -1) [potion of mutation]
  7903 | D:8      | Gained mutation: You are robust. (+10% HP) [potion of
                  | mutation]
  7904 | D:8      | Lost mutation: You are robust. (+10% HP) [potion of
                  | mutation]
  7904 | D:8      | Lost mutation: You are partially covered in iridescent
                  | scales. (AC +2) [potion of mutation]
  7904 | D:8      | Gained mutation: You possess an exceptional clarity of
                  | mind. [potion of mutation]
  7904 | D:8      | Gained mutation: You have a pair of small horns on your
                  | head. [potion of mutation]
  7904 | D:8      | Gained mutation: You are resistant to electric shocks.
                  | (rElec) [potion of mutation]
  7904 | D:8      | Gained mutation: You have sharp fingernails. [potion of
                  | mutation]
  8171 | D:8      | Noticed Jeremiah
  8391 | D:9      | Reached skill level 10 in Maces & Flails
  8403 | D:9      | Reached skill level 1 in Throwing
  8415 | D:9      | Reached ** piety under Beogh
  8579 | D:9      | Found a hide-covered altar of Uskayaw.
  8579 | D:9      | Found a bloodstained altar of Trog.
  8825 | D:9      | Found a runed translucent gate.
  8825 | D:9      | Found a runed translucent gate.
  8825 | D:9      | Found a runed translucent gate.
  8825 | D:9      | Noticed howech's ghost (journeyman MiBe)
  8837 | D:9      | Found a basalt altar of Yredelemnul.
  8898 | D:9      | Noticed Maurice
  8906 | D:9      | Killed Maurice
  8907 | D:9      | Reached skill level 5 in Invocations
  9165 | D:10     | Entered Level 10 of the Dungeon
  9215 | D:10     | Noticed a two-headed ogre
  9216 | D:10     | Noticed a two-headed ogre
  9230 | D:10     | Killed a two-headed ogre
  9231 | D:10     | Reached XP level 11. HP: 81/97 MP: 14/14
  9444 | D:10     | Identified the +0 leather armour "Wabor" {Fly rElec Int-3
                  | Dex-3}
  9467 | D:10     | Found a runed translucent gate.
  9467 | D:10     | Found a runed translucent gate.
  9468 | D:10     | Found a runed translucent gate.
  9470 | D:10     | Noticed Skeral's ghost (novice DgSh)
  9502 | D:10     | Killed a two-headed ogre
  9684 | D:10     | Found a snail-covered altar of Cheibriados.
 10116 | D:11     | Found a staircase to the Orcish Mines.
 10211 | D:11     | Reached skill level 11 in Maces & Flails
 10243 | D:11     | Reached *** piety under Beogh
 10722 | D:11     | Found a staircase to the Lair.
 10740 | D:11     | Noticed a two-headed ogre
 10747 | D:11     | Killed a two-headed ogre
 11920 | D:12     | Noticed a boulder beetle
 11930 | D:12     | Killed a boulder beetle
 11938 | D:12     | Noticed a purple ugly thing
 11950 | D:12     | Killed a purple ugly thing
 12073 | D:12     | Noticed a manticore
 12080 | D:12     | Killed a manticore
 12081 | D:12     | Reached skill level 10 in Fighting
 12081 | D:12     | Reached skill level 5 in Evocations
 12089 | D:12     | Reached XP level 12. HP: 96/106 MP: 17/17
 12834 | D:13     | Noticed a death knight
 12846 | D:13     | Killed a death knight
 12846 | D:13     | HP: 3/106 [skeletal warrior/+0 war axe[a death knight]
                  | (18)]
 12847 | D:13     | Reached skill level 12 in Maces & Flails
 12847 | D:13     | Reached skill level 5 in Dodging
 13364 | D:13     | Noticed a centaur warrior
 13369 | D:13     | Killed a centaur warrior
 13449 | D:13     | Found a gate to the Vaults.
 13456 | D:13     | Reached skill level 10 in Armour
 13776 | D:13     | Noticed a two-headed ogre
 13785 | D:13     | Killed a two-headed ogre
 14090 | D:13     | Found a stormy altar of Qazlal.
 14857 | D:14     | Noticed a five-headed hydra
 14919 | Orc:1    | Entered Level 1 of the Orcish Mines
 15024 | Orc:2    | Entered Level 2 of the Orcish Mines
 15025 | Orc:2    | Found Rouhojoa's General Store.
 15161 | Orc:2    | Reached **** piety under Beogh
 15173 | Orc:2    | Gained Bogfrid as an ally
 15174 | Orc:2    | Noticed an orc high priest
 15177 | Orc:2    | Noticed an orc high priest
 15187 | Orc:2    | Killed an orc high priest
 15190 | Orc:2    | Your ally Bogfrid died
 15220 | Orc:2    | Reached XP level 13. HP: 26/116 MP: 18/18
 15396 | Orc:2    | Found Sesaxifopn's Antique Armour Boutique.
 15396 | Orc:2    | Found Uroz's Book Shop.
 15397 | Orc:2    | Found Jonofuobos's Jewellery Shop.
 15404 | Orc:2    | Found Afesh's Book Boutique.
 15487 | Orc:2    | Paralysed by an orc sorcerer for 4 turns
 15538 | Orc:2    | Found a staircase to the Elven Halls.
 15550 | Orc:2    | Reached skill level 5 in Throwing
 15649 | Lair:1   | Entered Level 1 of the Lair of Beasts
 15671 | Lair:1   | Reached skill level 13 in Maces & Flails
 15831 | Lair:1   | Reached ***** piety under Beogh
 16259 | Lair:1   | Identified a scroll of acquirement
 16259 | Lair:1   | Acquired a +6 eveningstar of protection
 16304 | Lair:1   | Gained Judas as an ally
 16703 | Lair:2   | Reached skill level 5 in Shields
 16704 | Lair:2   | Your ally Judas died
 16820 | Lair:2   | Found a runed translucent gate.
 16820 | Lair:2   | Found a runed translucent gate.
 16827 | Lair:2   | Found a runed translucent gate.
 16853 | Lair:2   | Noticed mitya21's ghost (journeyman MiFi)
 16863 | Lair:2   | Gained Rocco as an ally
 16874 | Lair:2   | Killed mitya21's ghost
 17124 | Lair:2   | Got the ring "Etzorha" {Fire +Blink rN+ Dex-5 SInv}
 17457 | Lair:2   | Found a staircase to the Shoals.
 17649 | Shoals:1 | Entered Level 1 of the Shoals
 17693 | Shoals:1 | Your ally Rocco died
 17998 | Lair:2   | Gained Dorog as an ally
 18346 | Lair:3   | Reached ****** piety under Beogh
 18418 | Lair:3   | Reached skill level 10 in Shields
 18442 | Lair:3   | Noticed Snorg
 18452 | Lair:3   | Killed Snorg
 18544 | Lair:3   | Found a hole to the Spider Nest.
 18559 | Lair:3   | Reached XP level 14. HP: 124/124 MP: 19/19
 18723 | Lair:3   | Noticed Fannar
 18732 | Lair:3   | Killed Fannar
 19384 | Lair:4   | Noticed Nessos
 19389 | Lair:4   | Killed Nessos
 19390 | Lair:4   | Reached skill level 14 in Maces & Flails
 19673 | Lair:4   | Noticed Sonja
 19679 | Lair:4   | Killed Sonja
 19715 | Lair:4   | Found a staircase to the Slime Pits.
 20463 | Lair:5   | Entered Level 5 of the Lair of Beasts
 20467 | Lair:5   | Reached skill level 1 in Stealth
 21231 | Lair:5   | Reached skill level 15 in Maces & Flails
 21277 | Lair:5   | Noticed a dire elephant
 21291 | Lair:5   | Killed a dire elephant
 21292 | Lair:5   | Reached XP level 15. HP: 132/134 MP: 20/20
 21322 | Lair:5   | Found a burning altar of Makhleb.
 21480 | Lair:5   | Found a gateway to Hell.
 21966 | Spider:1 | Entered Level 1 of the Spider Nest
 22422 | Spider:1 | Your ally Dorog died
 22645 | Spider:1 | Noticed a ghost moth
 22653 | Spider:1 | Killed a ghost moth
 22687 | Spider:1 | Noticed a ghost moth
 22695 | Spider:1 | Killed a ghost moth
 23428 | Spider:2 | Noticed a ghost moth
 23436 | Spider:2 | Killed a ghost moth
 23458 | Spider:2 | Slain by a culicivora

Illustrated notes

Levels and vault maps discovered:
D:1:      minmay_arrival_four_loops, layout_loops_ring,
          hellmonk_ecumenical_altar_blasted
D:2:      layout_loops_ring, minmay_puff
D:3:      layout_loops_ring, nicolae_overflow_hidden_temple, bh_walls_and_bars,
          uniq_jessica, uniq_natasha
D:4:      lemuel_castle_with_subvaults [lemuel_castle_interior_carwin_1],
          layout_cave_pools, serial_shops, shop
D:6:      layout_loops_corners, regret_index_xom_of_box,
          minmay_temple_entry_trees, serial_co_window_serial, co_window_paths_a,
          co_window_paths_a, co_window_paths_a, co_window_paths_b,
          co_window_paths_a, co_window_cross_3, co_window_unsneaky_path_d,
          co_window_unsneaky_path_d, co_window_paths_c, glass_columns_c,
          glass_columns_c, glass_columns_a, glass_columns_b, glass_columns_a,
          serial_shops, nicolae_lakefront_shop, st_stairs_4,
          chequers_serial_rivers_micro_e
D:7:      layout_loops_ring, serial_shops, nicolae_shop_hallway_plus,
          nicolae_shop_fire_sale [nicolae_sub_dead_trees],
          minmay_misc_feat_more_columns
D:8:      layout_rooms, mainiacjoe_overflow_six_doors_small,
          mainiacjoe_overflow_boulevard, uniq_jeremiah
D:9:      layout_roguey, nicolae_yredelemnul_ghost_church,
          gammafunk_temple_overflow_pools, uniq_maurice
D:10:     layout_basic, mainiacjoe_overflow_paths, gammafunk_ghost_spectres
D:11:     layout_long_grid, erik_lair_island, hiddenorc2_lemuel
D:12:     layout_loops_cross
D:13:     layout_basic, erik_vaults_1, gauntlet_entry_generic, serial_glass,
          glass_columns_a, glass_columns_a, nicolae_qazlal_eye_of_the_storm
D:14:     layout_irregular_city, serial_column_ruins, column_ruins_open_small,
          column_ruins_open_small, column_ruins_grid_1, kennysheep_boxes,
          david_defended_altar_orc
Lair:1:   layout_loops_ring, chequers_serial_rivers_micro_b,
          serial_bayou_shore_a
Lair:2:   lemuel_reptile_caves, layout_long_grid, minmay_shoals_entry_hut,
          gammafunk_ghost_icy, patterned_corridor
Lair:3:   layout_chaotic_city, nicolae_spider_entry_tight_spaces,
          grunt_megastairs_4, uniq_snorg, uniq_fannar
Lair:4:   layout_cave_pods, minmay_slime_entry_pillars, uniq_sonja, uniq_nessos
Lair:5:   evil_forest, layout_regular_city, lemuel_fruit_fields
Shoals:1: layout_shoals
Spider:1: layout_spider_delve
Spider:2: layout_spider_delve
Orc:1:    layout_caves, serial_shops, shop
Orc:2:    st_orc_mages, layout_caves, serial_shops,
          nicolae_shop_pleasant_corner_grove

Skill      XL: |  1  2  3  4  5  6  7  8  9 10 11 12 13 14 15 |
---------------+----------------------------------------------+-----
Fighting       | 4 5 6 7 9 10 11 12 13 | 13.1
Long Blades    | 3 4 |  4.0
Armour         | 4 6 7 8 9 10 11 12 | 12.2
Dodging        | 1 2 3 4 5 6 |  6.1
Shields        | 4 10 12 13 | 13.3
Maces & Flails | 2 4 6 8 9 10 11 12 13 15 | 15.6
Invocations    | 3 5 6 7 |  7.0
Evocations     | 2 3 5 6 |  6.6
Throwing       | 2 3 4 5 |  5.8
Stealth        | 1 |  1.2

Action                     |  1- 3 |  4- 6 |  7- 9 | 10-12 | 13-15 || total
---------------------------+-------+-------+-------+-------+-------++-------
  Melee: Long sword        |   163 |    46 |       |       |       ||   209
         Great mace        |       |   118 |   313 |   412 |    85 ||   928
         Headbutt          |       |       |       |    77 |   163 ||   240
         Eveningstar       |       |       |       |       |   638 ||   638
  Throw: Throwing net      |       |       |     1 |       |       ||     1
         Boomerang         |       |       |       |    23 |    28 ||    51
 Invoke: Convert to Beogh  |       |       |     1 |       |       ||     1
         Recall Orcish Fol |       |       |       |       |     4 ||     4
         Give Item to Name |       |       |       |       |     2 ||     2
         Resurrection      |       |       |       |       |     1 ||     1
  Evoke: Wand              |       |     3 |     3 |    49 |    10 ||    65
         Phantom mirror    |       |       |       |     1 |       ||     1
    Use: Scroll            |     7 |       |     8 |     7 |     9 ||    31
         Potion            |     1 |       |     1 |     9 |     3 ||    14
   Stab: Paralysed         |       |     4 |     6 |    24 |     2 ||    36
         Distracted        |       |       |       |     1 |     7 ||     8
         Confused          |       |       |       |       |     2 ||     2
 Armour: Scale mail        |   107 |   263 |   251 |   219 |       ||   840
         Plate armour      |       |       |       |   186 |   471 ||   657
  Dodge: Dodged            |    89 |   209 |   373 |   374 |   407 ||  1452
  Block: Buckler           |    34 |    13 |       |       |       ||    47
         Tower shield      |       |       |       |       |   818 ||   818
